Map: Triton LE

Players

funnypammy - Winner!

  • Race: Protoss Protoss
  • League: Platinum
  • Spawn Location: 11:00

WithGod

  • Race: Zerg Zerg
  • League: Gold
  • Spawn Location: 5:00

VOD

Have the link to the VOD?

Description

Time

  • Played on: Dec. 31, 2019, 6:31 a.m.
  • Length: 10:42
Show
View Real Time Build Order
Export as new Build Order

funnypammy Protoss - Winner!

Build Orders: Archon Immortal 

Get SALT Encoding   

  12  0:02  Probe  
  13  0:14  Probe  
  14  0:26  Probe  
  15  0:37  Pylon  
  15  0:40  Pylon  
  15  0:43  Assimilator  
  15  0:55  Probe (Chrono Boost)  
  16  0:58  Gateway  
  16  1:08  Probe (Chrono Boost)  
  17  1:14  Probe (Chrono Boost)  
  18  1:22  Assimilator  
  18  1:24  Probe (Chrono Boost)  
  19  1:29  Probe (Chrono Boost)  
  20  1:38  Probe  
  21  1:46  Cybernetics Core  
  21  1:50  Probe  
  22  1:59  Zealot  
  24  2:02  Probe  
  25  2:12  Pylon  
  25  2:14  Probe  
  26  2:21  Warp Gate (Chrono Boost)  
  26  2:27  Probe  
  27  2:39  Probe, Nexus  
  28  2:51  Probe  
  29  2:55  Robotics Facility  
  29  2:59  Zealot  
  29  3:03  Probe  
  32  3:15  Probe  
  32  3:16  Pylon  
  33  3:27  Probe  
  34  3:38  Twilight Council  
  34  3:39  Probe  
  35  3:44  Immortal  
  39  3:51  Probe x2  
  41  4:03  Probe x2  
  41  4:06  Charge  
  41  4:09  Gateway  
  43  4:14  Gateway  
  43  4:15  Probe  
  43  4:16  Probe  
  45  4:23  Observer (Chrono Boost)  
  46  4:35  Dark Shrine  
  46  4:37  Forge  
  46  4:40  Probe x2  
  46  4:41  Gateway  
  48  4:52  Probe, Immortal  
  53  5:03  Probe  
  53  5:04  Probe, Assimilator  
  53  5:06  Assimilator  
  55  5:07  Protoss Ground Weapons Level 1 (Chrono Boost)  
  55  5:15  Probe, Zealot x2  
  60  5:35  Pylon  
  60  5:38  Pylon  
  60  5:42  Stalker  
  62  5:54  Immortal, Stalker x2  
  70  6:08  Zealot  
  70  6:09  Zealot  
  74  6:17  Gateway  
  74  6:18  Gateway  
  74  6:19  Gateway  
  74  6:22  Pylon  
  74  6:23  Pylon  
  74  6:25  Pylon  
  74  6:27  Pylon  
  74  6:30  Pylon  
  74  6:38  Immortal  
  78  6:44  Dark Templar x2  
  78  6:45  Dark Templar  
  84  6:55  Dark Templar  
  84  6:58  Archon  
  86  7:08  Archon  
  86  7:18  Sentry x2  
  86  7:20  Zealot  
  92  7:28  Immortal (Chrono Boost), Zealot  
  92  7:29  Zealot x3  
  104  7:43  Pylon  
  104  7:45  Protoss Shields Level 1 (Chrono Boost)  
  104  7:46  Pylon  
  104  7:48  Pylon  
  104  7:57  Zealot x2  
  104  7:58  Zealot  
  110  8:02  Warp Prism  
  112  8:06  Zealot x2  
  112  8:08  Zealot  
  118  8:16  Dark Templar  
  118  8:18  Dark Templar  
  122  8:23  Dark Templar  
  124  8:27  Dark Templar  
  124  8:31  Archon  
  126  8:38  Immortal  
  83  9:10  Zealot x3  
  83  9:11  Zealot x4  
  73  9:24  Stalker  
  73  9:25  Stalker x4  
  83  9:37  Warp Prism (Chrono Boost), Dark Templar x2  
  81  9:50  Zealot  
  81  9:51  Zealot x2  
  81  9:52  Zealot  
  93  10:25  Dark Templar  
  93  10:26  Dark Templar x2  
  89  10:35  Archon  
Show
View Real Time Build Order
Export as new Build Order

WithGod Zerg 

Build Orders: Pool First 

Get SALT Encoding   

  12  0:01  Drone  
  13  0:16  Overlord  
  13  0:18  Drone  
  14  0:36  Drone  
  14  0:37  Drone  
  14  0:40  Drone  
  17  0:46  Spawning Pool  
  16  0:52  Drone  
  17  1:01  Drone  
  18  1:04  Extractor  
  17  1:12  Drone  
  18  1:23  Drone  
  19  1:35  Hatchery, Drone  
  19  1:37  Queen  
  21  1:58  Zergling x2  
  22  2:02  Overlord  
  22  2:19  Queen  
  22  2:21  Zergling x4  
  26  2:25  Metabolic Boost  
  26  2:28  Zergling x2  
  27  2:48  Drone x4  
  27  2:49  Drone  
  27  2:50  Queen  
  34  3:07  Drone  
  34  3:08  Drone  
  36  3:21  Roach Warren  
  36  3:23  Extractor, Drone  
  36  3:24  Drone  
  36  3:27  Overlord  
  36  3:28  Overlord  
  36  3:29  Overlord  
  36  3:34  Pneumatized Carapace  
  36  3:48  Drone x2  
  36  3:49  Drone  
  36  3:55  Drone x3  
  42  4:00  Lair  
  42  4:05  Roach  
  42  4:06  Roach x3  
  50  4:22  Evolution Chamber  
  49  4:26  Evolution Chamber  
  49  4:30  Roach x3  
  49  4:31  Roach  
  56  4:41  Drone  
  56  4:45  Drone x3  
  59  4:52  Overlord x2  
  60  4:53  Overlord  
  60  4:59  Zerg Melee Weapons Level 1  
  60  5:01  Zerg Missile Weapons Level 1  
  60  5:12  Overseer  
  60  5:16  Drone x3  
  60  5:17  Extractor x2  
  61  5:59  Zergling x18  
  61  6:00  Zergling x8  
  74  6:11  Baneling Nest  
  74  6:18  Drone x3  
  76  6:34  Drone  
  76  6:35  Glial Reconstitution  
  77  6:48  Roach x3  
  77  6:49  Zergling x2  
  77  6:51  Overlord  
  84  7:02  Centrifical Hooks  
  84  7:05  Overlord x2  
  84  7:43  Drone x3  
  87  7:48  Baneling  
  87  7:49  Baneling x23  
  87  7:50  Baneling x4  
  87  7:52  Zergling x12  
  93  8:04  Zerg Missile Weapons Level 2  
  93  8:05  Zerg Melee Weapons Level 2  
  93  8:11  Evolution Chamber  
  92  8:21  Hydralisk Den  
  92  8:26  Roach x2  
  92  8:27  Roach x2, Zergling x10  
  104  8:42  Overseer  
  104  8:52  Overlord x2  
  104  8:53  Overlord  
  72  9:14  Zergling x2  
  72  9:15  Zergling x12  
  50  9:25  Zergling x2  
  50  9:26  Zergling x2  
  51  9:32  Zergling x8  
  52  9:40  Roach x2  
  56  9:57  Baneling x10  
  56  9:58  Baneling x4  
  56  9:59  Zergling x10  
  61  10:07  Zergling x2  
  61  10:08  Zergling x2  
Tags
 
Composition
Archon Immortal
Matchup
PvZ
Opening
Pool First
Spawn Locations
Cross Positions
Add a new tag
Caveats
  • Supply blocks, unpowered buildings, or Contaminate may cause inaccurate times.
  • Supply counts are checked every 10 seconds.